 Dungeon Crawl Stone Soup version 0.27-a0-1502-g47ed6a6988 (webtiles) character file.

Game seed: 3490898973295751579

2366 robertstho the Thaumaturge (level 9, -7/62 HPs)
             Began as a Djinni Fire Elementalist on July 8, 2021.
             Was an Initiate of Gozag.
             Mangled by a swamp worm (22 damage)
             ... on level 7 of the Dungeon.
             The game lasted 00:14:54 (10575 turns).

robertstho the Thaumaturge (DjFE)                  Turns: 10575, Time: 00:14:55

Health: -7/62      AC:  3    Str: 13    XL:     9   Next: 72%
Gold:   256        EV: 13    Int: 19    God:    Gozag SH:  0 Dex: 15

rFire    + + .     SeeInvis .   t - +2 short sword (venom)
rCold    x . .     Faith    .   (no shield)
rNeg     . . .     Spirit   .   a - +0 robe
rPois    ∞         Reflect  .   (no helmet)
rElec    .         Harm     .   d - +0 cloak
rCorr    .         Rampage  .   (no gloves)
Will     .....                  (boots unavailable)
Stlth    ++........             (no amulet)
HPRegen  0.20/turn              m - +6 ring of strength
MPRegen  0.00/turn              (no ring)

@: flying, very slightly contaminated
A: sickness immunity, fire resistance 2, cold vulnerability 1, float, innate
caster, hp casting, extra vitality 1
a: Renounce Religion, Potion Petition, Call Merchant, Bribe Branch


You were on level 7 of the Dungeon.
You worshipped Gozag.
Gozag was aware of your devotion.
You visited 2 branches of the dungeon, and saw 8 of its levels.
You also visited: Sewer.

You collected 333 gold pieces.
You paid 77 gold pieces to Gozag.

Inventory:

Hand Weapons
 t - a +2 short sword of venom (weapon)
 v - a +2 short sword of holy wrath
Missiles
 o - 4 boomerangs of dispersal
Armour
 a - a +0 robe (worn)
 d - a +0 cloak (worn)
 x - the +1 robe of the Everdark {Rampage +Inv rCorr Slay+4}
   (You found it on level 6 of the Dungeon)

   Slay:      It affects your accuracy & damage with ranged weapons and melee
   (+4).
   +Inv:      It lets you turn invisible.
   rCorr:     It protects you from acid and corrosion.
   Rampage:   It bestows one free step when moving towards enemies.
Jewellery
 m - a +6 ring of strength (left hand)
Wands
 h - a wand of iceblast (13)
Scrolls
 f - a scroll of fog {unknown}
 g - a scroll of immolation
 k - 2 scrolls of magic mapping {unknown}
 l - 2 scrolls of silence
 n - a scroll of vulnerability
 q - 3 scrolls of fear
 w - a scroll of enchant armour {unknown}
 y - a scroll of identify
Potions
 b - a potion of mutation
 c - 2 potions of brilliance {unknown}
 e - 3 potions of might {unknown}
 i - 3 potions of haste {unknown}
 j - a potion of curing {unknown}
 p - 2 potions of ambrosia {unknown}
 r - a potion of flight {unknown}
 s - a potion of magic {unknown}
 u - a potion of berserk rage {unknown}
 z - 3 potions of heal wounds {unknown}


   Skills:
 * Level 4.0 Fighting
 + Level 1.5 Short Blades
 + Level 3.4 Dodging
 + Level 3.3 Stealth
 * Level 8.6 Spellcasting


You couldn't memorise any spells.
You knew the following spells:

 Your Spells              Type           Power      Damage    Failure   Level
a - Foxfire               Conj/Fire      100%       2x1d9     1%          1
b - Conjure Flame         Conj/Fire      40%        6-21      1%          3
c - Inner Flame           Hex/Fire       40%        N/A       1%          3
d - Sticky Flame          Conj/Fire      40%        2d6       2%          4
e - Fireball              Conj/Fire      20%        3d10      7%          5
f - Freeze                Ice            100%       1d11      1%          1
g - Blink                 Tloc           N/A        N/A       1%          2
h - Vampiric Draining     Necr           20%        2d8       1%          3
i - Hailstorm             Conj/Ice       40%        3d10      2%          4
Your spell library was empty.

Dungeon Overview and Level Annotations

Branches:
Dungeon (7/15)             Temple (1/1) D:6           Sewer (visited)

Altars:
Ashenzari
Cheibriados
Dithmenos
Elyvilon
Fedhas
Gozag
Kikubaaqudgha
Makhleb
Nemelex Xobeh
Okawaru
Qazlal
Ru
Sif Muna
Vehumet
Wu Jian
Xom
Yredelemnul
The Shining One

Shops:
D:1 (   D:3 (   D:4 =


Innate Abilities, Weirdness & Mutations

You are immune to sickness and miasma.
You are immune to poison.
Your flesh is very heat resistant. (rF++)
You are vulnerable to cold. (rC-)
You float through the air rather than walking.
You learn spells naturally, not from books.
Your magical power is your life essence.
You have superior vitality. (+4 HP)


Message History

A shadow imp comes into view.
Found a wand of iceblast (8) and 19 bolts.
You see here 5 gold pieces.
You now have 256 gold pieces (gained 5).
Casting: Sticky Flame (dangerous; 2% risk of failure)
Confirm with . or Enter, or press ? or * to list all spells.
Aiming: Fireball (dangerous; 7% risk of failure)
Press: ? - help, Shift-Dir - straight line, f - shadow imp
Aim: a shadow imp The fireball explodes!
The fireball engulfs the shadow imp!
You kill the shadow imp!
Unknown command.
Your magical contamination has completely faded away.
A swamp worm comes into view.
Found a scroll labelled LECOHE TASKUIFACI and a falchion.
Casting: Fireball (dangerous; 7% risk of failure)
Confirm with . or Enter, or press ? or * to list all spells.
Aiming: Fireball (dangerous; 7% risk of failure)
Press: ? - help, Shift-Dir - straight line, f - swamp worm
Aim: a swamp worm (wandering, hasn't noticed you)
You miscast Fireball.
You are very lightly contaminated with residual magic.
Sparks fly from your hands!
The swamp worm fires a harpoon shot at you.
The harpoon shot hits you.
You are yanked forward by the harpoon shot.
Found a ring mail.
Unknown command.
Casting: Fireball (dangerous; 7% risk of failure)
Confirm with . or Enter, or press ? or * to list all spells.
Aiming: Sticky Flame (dangerous; 2% risk of failure)
Press: ? - help, Shift-Dir - straight line, f/p - swamp worm
Aim: a swamp worm (100% to hit)
The sticky flame hits the swamp worm.
The swamp worm is lightly wounded.
The swamp worm is covered in liquid flames!
* * * LOW HITPOINT WARNING * * *
The swamp worm burns!
The swamp worm bites you!!
You die...
Your body crumbles into a pile of gold.

#..... ..# $
#..... #≈≈≈
#.....#####≈≈≈≈
........[..≈≈#
#....).?.....≈≈#
#..........(≈≈≈#
#..........w≈≈#
#.......!.@.≈≈#
##.....$..../≈≈#
#............≈≈≈#
#........$####≈≈#
#.........# #≈≈P
#.........# ≈≈≈≈
#.........# ≈≈≈
#.........# ..
#.........######


You could see a swamp worm (burning).

Vanquished Creatures
  Maggie (D:6)
  A hornet (D:5)
  Eustachio (D:6)
  A steam dragon (D:6)
  A necrophage (D:5)
  A black bear (D:6)
  An ogre (D:5)
  4 kobold brigands (Sewer)
  5 scorpions
  5 wights (D:7)
  A howler monkey (D:5)
  A bullfrog zombie (D:5)
  An orc priest (D:4)
  A hound (D:6)
  A jelly (D:6)
  Ijyb (D:3)
  3 orc wizards (D:5)
  A killer bee zombie (D:7)
  A howler monkey zombie (D:6)
  3 river rats (Sewer)
  12 adders
  A shadow imp (D:7)
  An ufetubus (D:5)
  15 worms
  A dart slug (D:2)
  15 orcs
  5 bats
  12 endoplasms
  5 giant cockroaches
  9 hobgoblins
  8 jackals
  11 kobolds
  5 quokkas
  10 ball pythons
  6 frilled lizards
  4 goblins (D:1)
  9 rats
164 creatures vanquished.

Vanquished Creatures (others)
  An orc wizard (D:4)
  704 foxfires
  2 plants (D:7)
  11 toadstools (D:7)
718 creatures vanquished.

Grand Total: 882 creatures vanquished

Notes
Turn   | Place    | Note
-------+----------+-------------------------------------------
     0 | D:1      | robertstho the Djinni Fire Elementalist began the quest for
                  | the Orb.
     0 | D:1      | Reached XP level 1. HP: 15/15 MP: 0/0
   174 | D:1      | Reached skill level 1 in Fighting
   288 | D:1      | Reached XP level 2. HP: 15/22 MP: 0/0
  1035 | D:1      | Reached XP level 3. HP: 21/27 MP: 0/0
  1035 | D:1      | Learned a level 1 spell: Freeze
  1343 | D:1      | Reached skill level 3 in Spellcasting
  1443 | D:1      | Found Buopy's Antique Weapon Boutique.
  1893 | D:1      | Found a faded altar of an unknown god.
  2062 | D:2      | Reached XP level 4. HP: 27/32 MP: 0/0
  3493 | D:2      | Reached XP level 5. HP: 23/37 MP: 0/0
  3493 | D:2      | Learned a level 2 spell: Blink
  3847 | D:3      | Noticed Ijyb
  3853 | D:3      | Killed Ijyb
  3854 | D:3      | Reached skill level 4 in Spellcasting
  3985 | D:3      | Found Ihityboz's Weapon Emporium.
  4955 | D:4      | Reached XP level 6. HP: 11/42 MP: 0/0
  6002 | D:4      | Found Lasm's Jewellery Boutique.
  6210 | D:4      | Found a snail-covered altar of Cheibriados.
  6223 | D:5      | Entered Level 5 of the Dungeon
  6247 | D:5      | Noticed a necrophage
  6257 | D:5      | Killed a necrophage
  6258 | D:5      | Reached skill level 5 in Spellcasting
  6258 | D:5      | Reached XP level 7. HP: 37/49 MP: 0/0
  6258 | D:5      | Learned a level 3 spell: Vampiric Draining
  6546 | D:5      | Found a glowing drain.
  6550 | Sewer    | Entered a sewer
  6805 | Sewer    | Reached skill level 1 in Short Blades
  6848 | Sewer    | Reached XP level 8. HP: 52/55 MP: 0/0
  6940 | Sewer    | Reached skill level 6 in Spellcasting
  7482 | D:5      | Noticed a hornet
  7489 | D:5      | Killed a hornet
  8175 | D:5      | Found a sacrificial altar of Ru.
  8509 | D:5      | Reached skill level 7 in Spellcasting
  8827 | D:6      | Reached XP level 9. HP: 44/61 MP: 0/0
  8827 | D:6      | Learned a level 4 spell: Hailstorm
  9070 | D:6      | Found a shadowy altar of Dithmenos.
  9247 | D:6      | Found a basalt altar of Yredelemnul.
  9253 | D:6      | Found a glowing golden altar of the Shining One.
  9255 | D:6      | Noticed an angel
  9278 | D:6      | Identified the +1 robe of the Everdark {Rampage +Inv rCorr
                  | Slay+4}
  9352 | D:6      | Noticed Maggie
  9388 | D:6      | Killed Maggie
  9389 | D:6      | Reached skill level 8 in Spellcasting
  9741 | D:6      | Found a staircase to the Ecumenical Temple.
  9741 | D:6      | Noticed Eustachio
  9749 | D:6      | Killed Eustachio
  9755 | Temple   | Entered the Ecumenical Temple
  9971 | Temple   | Became a worshipper of Gozag Ym Sagoz the Greedy
 10227 | D:7      | Found an iron altar of Okawaru.
 10575 | D:7      | Mangled by a swamp worm

Illustrated notes

Levels and vault maps discovered:
D:1:      mrwooster_arrival_statue_3, layout_basic,
          shapermc_ecumenical_altar_pompeii, serial_shops, shop_statue,
          grunt_decor_clamped, hex_tiny
D:2:      minmay_evil_eye, layout_loops_ring, minmay_pentomino_p2
D:3:      minmay_diamond_boxcup, layout_loops_ring, serial_shops, shop,
          corexii_shack, chequers_serial_rivers_micro_e, uniq_ijyb
D:4:      layout_loops_ring, kennysheep_mini_moat, serial_shops,
          kennysheep_little_box
D:5:      layout_loops_corners, mainiacjoe_overflow_six_doors_small,
          gup_sewer_entry_bowl
D:6:      layout_loops_ring, grunt_temple_overflow_holy_war,
          grunt_dithmenos_smoke_and_mirrors, minmay_temple_entry_fiery,
          uniq_maggie, uniq_crazy_yiuf_cottage, uniq_eustachio
D:7:      cheibrodos_fertilizer, layout_basic, overflow_temple_1_default,
          minivault_5, worms_lemuel
Temple:   minmay_temple_bridge_abc

Skill      XL: |  1  2  3  4  5  6  7  8  9 |
---------------+----------------------------+-----
Fighting       | 1 2 3 4 |  4.0
Spellcasting   | 3 4 5 7 8 |  8.6
Stealth        | 2 3 |  3.3
Short Blades   | 1 |  1.5
Dodging        | 3 |  3.4

Action                   |  1- 3 |  4- 6 |  7- 9 || total
-------------------------+-------+-------+-------++-------
Melee: Dagger            |       |    16 |       ||    16
       Short sword       |       |     3 |    24 ||    27
 Cast: Foxfire           |   111 |   168 |   169 ||   448
       Sticky Flame      |       |     7 |    16 ||    23
       Conjure Flame     |       |       |     3 ||     3
       Fireball          |       |       |     9 ||     9
  Use: Scroll            |       |     3 |     3 ||     6
 Stab: Sleeping          |       |     3 |     2 ||     5
Armor: Robe              |     1 |     9 |    13 ||    23
Dodge: Dodged            |    12 |    24 |    28 ||    64

Table legend: (Time is in decaauts)
 A = Elapsed time spent in this place.
 B = Non-inter-level travel time spent in this place.
 C = Inter-level travel time spent in this place.
 D = Time resting spent in this place.
 E = Time spent auto-exploring this place.
 F = Levels seen in this place.
 G = Mean time per level.
                   A        B        C        D        E       F      G
               +--------+--------+--------+--------+--------+-----+--------+
         Total |  10573 |  10420 |    153 |    485 |   8670 |   9 | 1174.8 |
       Dungeon |   9454 |   9321 |    133 |    465 |   7827 |   7 | 1350.6 |
        Temple |    236 |    216 |     20 |      0 |    210 |   1 |  236.0 |
         Sewer |    881 |    881 |      0 |     20 |    633 |   1 |  881.0 |
               +--------+--------+--------+--------+--------+-----+--------+

Top non-repeatable levels by time:
     D:1: 1995 daAuts
     D:2: 1735 daAuts
     D:5: 1635 daAuts
     D:3: 1461 daAuts
     D:6: 1226 daAuts
     D:4: 1030 daAuts
   Sewer: 881 daAuts
     D:7: 370 daAuts
  Temple: 236 daAuts
